 Dungeon Crawl Stone Soup version 0.19-a0-1886-gd64a0f0 (console) character file.

774 ChaseSP the Spear-Bearer (level 7, -11/50 HPs)
             Began as a Merfolk Gladiator on Oct 17, 2016.
             Mangled by an ogre
             ... wielding a +0 giant club
              (18 damage)
             ... on level 5 of the Dungeon.
             The game lasted 00:09:21 (3702 turns).

ChaseSP the Spear-Bearer (Merfolk Gladiator)        Turns: 3702, Time: 00:09:21

Health: -11/50     AC:  8    Str: 14 (16) XL:     7   Next: 84%
Magic:  7/7        EV: 11    Int:  5 (7)  God:
Gold:   187        SH:  0    Dex: 15 (16) Spells: 0 memorised, 6 levels left

rFire  . . .     SeeInvis .     a - +0 trident
rCold  . . .     Gourm    .     i - +0 scale mail
rNeg   . . .     Faith    .     (no shield)
rPois  .         Spirit   .     c - +0 helmet
rElec  .         Dismiss  .     u - +0 cloak
rCorr  .         Reflect  .     (no gloves)
MR     .....     Harm     .     (no boots)
Stlth  ..........               r - amulet of rage
                                (no ring)
                                (no ring)

@: no status effects
A: change form in water, swift swim, stealthy swim
a: Evoke Berserk Rage


You were on level 5 of the Dungeon.
You were not hungry.

You visited 1 branch of the dungeon, and saw 5 of its levels.
You also visited: Ossuary.

You collected 187 gold pieces.

Inventory:

Hand Weapons
 a - a +0 trident (weapon)
Missiles
 d - 3 throwing nets (quivered)
Armour
 b - a +0 leather armour
 c - a +0 helmet (worn)
 i - a +0 scale mail (worn)
 u - a +0 cloak (worn)
Jewellery
 h - an uncursed amulet of dismissal
 r - an amulet of rage (around neck)
Wands
 g - a wand of teleportation (6/9)
Scrolls
 e - 5 scrolls of identify
 j - a scroll of magic mapping
 k - a scroll of remove curse {unknown}
 l - 2 scrolls of amnesia
Potions
 n - a potion of cancellation {unknown}
 o - a potion of flight {unknown}
 t - a potion of brilliance {unknown}
Comestibles
 f - 2 bread rations
 q - 2 meat rations
 s - a beef jerky


   Skills:
 - Level 2.1 Fighting
 + Level 12.4 Polearms
 - Level 2.0 Throwing
 - Level 4.0 Dodging


You had 6 spell levels left.
You didn't know any spells.

Dungeon Overview and Level Annotations

Branches:
Dungeon (5/15)
 Temple: D:4-7

Altars:

Shops:
D:5 [

Annotations:
D:4 gooch181's ghost, novice MiBe


Message History

The crimson imp puffs mist at you.
Found a cyan potion.
Found 12 gold pieces.
The bullfrog skeleton closely misses you.
Found a scroll labeled XIJYWU DU EFAR.
A worker ant comes into view.
The bullfrog skeleton completely misses you.
It was a potion of heal wounds.
You feel much better. The bullfrog skeleton hits you.
The ogre hits you with a giant club!
* * * LOW HITPOINT WARNING * * *
The crimson imp blinks!
Unknown command.
The bullfrog skeleton hits you.
* * * LOW HITPOINT WARNING * * *
The bullfrog skeleton closely misses you.
You miss the crimson imp. The crimson imp hits you.
* * * LOW HITPOINT WARNING * * *
The bullfrog skeleton closely misses you.
The ogre hits you with a giant club!!
You die...

*,,,**
#.......$..,,,,,,,,,,
**,**
#.......!.#**********
*,** #.........# **,*
###.........* ** *,**
#.......a#*** *, **,*
#........# *, **+**
#........# *****, *,,,*
#)...Z...# *,,,,, *,,,*
#..>.O@5.# *,#*** *,,,*
#.......!## *.# *****
#......:..########.#
#............#.....#
*******
#....?.......M...####
,,,,,,*
###########.###.....###
,,,,,,* **#.# ##......<
,,,,,,* *,..# ###..###
,,,,,,* **.### ##..#*


You could see an ogre, a mummy, a worker ant, a crimson imp and a bullfrog
skeleton.

Vanquished Creatures
  Pikel (D:5)
  Blork the orc (D:5)
  A centaur skeleton (D:4)
  An orc priest (D:4)
  3 worker ants
  A mummy (Ossuary)
  6 adders
  A worm (D:2)
  3 dart slugs (D:1)
  4 leopard geckos
  3 orcs (D:4)
  5 bats
  A gnoll zombie (Ossuary)
  5 goblins
  6 hobgoblins
  9 jackals
  8 kobolds
  2 quokkas
  A ball python (D:4)
  6 frilled lizards
  A hobgoblin zombie (Ossuary)
  3 kobold zombies (Ossuary)
  A leopard gecko skeleton (D:4)
  2 orc zombies (Ossuary)
  5 rats
80 creatures vanquished.

Vanquished Creatures (others)
  A slave (D:5)
  A hobgoblin (D:1)
2 creatures vanquished.

Grand Total: 82 creatures vanquished

Notes
Turn   | Place    | Note
-------+----------+-------------------------------------------
     0 | D:1      | ChaseSP the Merfolk Gladiator began the quest for the Orb.
     0 | D:1      | Reached XP level 1. HP: 16/16 MP: 1/1
    93 | D:1      | Reached skill level 5 in Polearms
   121 | D:1      | Reached XP level 2. HP: 22/22 MP: 2/2
   628 | D:1      | Reached XP level 3. HP: 27/27 MP: 3/3
   653 | D:1      | Reached skill level 6 in Polearms
  1421 | D:3      | Reached XP level 4. HP: 33/33 MP: 4/4
  1425 | D:3      | Reached skill level 7 in Polearms
  2262 | D:3      | Reached skill level 8 in Polearms
  2262 | D:3      | Reached XP level 5. HP: 25/38 MP: 5/5
  2942 | D:4      | Reached skill level 9 in Polearms
  3176 | D:4      | Reached XP level 6. HP: 31/44 MP: 6/6
  3415 | D:4      | Noticed gooch181's ghost (novice MiBe)
  3422 | D:5      | Entered Level 5 of the Dungeon
  3441 | D:5      | Noticed a slave
  3441 | D:5      | Noticed a slave
  3441 | D:5      | Noticed a slave
  3442 | D:5      | Noticed Pikel
  3442 | D:5      | Noticed a slave
  3443 | D:5      | Noticed Blork the orc
  3475 | D:5      | Killed Pikel
  3475 | D:5      | Reached skill level 12 in Polearms
  3475 | D:5      | Reached XP level 7. HP: 27/50 MP: 7/7
  3482 | D:5      | Killed Blork the orc
  3537 | D:5      | Found a sand-covered staircase.
  3544 | Ossuary  | Entered an ossuary
  3652 | Ossuary  | HP: 2/50 [mummy (9)]
  3667 | D:5      | Found Oluetzur's Armour Boutique.
  3702 | D:5      | Mangled by an ogre

Vault maps used:
D:1:      lightli_arrival_flooded_house, lemuel_old_faithful
D:2:      first_bread
D:4:      gammafunk_temple_overflow_pools, xom_teletrap_fun
D:5:      nicolae_ossuary_entry_plus, serial_shops, shop, uniq_blork_the_orc,
          uniq_crazy_yiuf_cottage, uniq_pikel
Ossuary:  ossuary_tomb_3

Skill      XL: |  1  2  3  4  5  6 |
---------------+-------------------+-----
Polearms       | 5 6 8 9 12 | 12.4
Fighting       | |  2.1
Throwing       | |  2.0
Dodging        | |  4.0

Action                   |  1- 3 |  4- 6 |  7- 9 || total
-------------------------+-------+-------+-------++-------
Melee: Trident           |   115 |   186 |    45 ||   346
 Abil: Evoke Berserk Rag |       |     2 |       ||     2
  Use: Scroll            |     1 |     3 |       ||     4
       Potion            |       |       |     2 ||     2
 Stab: Sleeping          |     2 |       |       ||     2
  Eat: Chunk             |     2 |     7 |     2 ||    11
Armor: Leather armour    |    11 |       |       ||    11
       Scale mail        |    11 |    52 |     6 ||    69
Dodge: Dodged            |    61 |   109 |    23 ||   193
